 Dungeon Crawl Stone Soup version 0.28.0 (webtiles) character file.

Game seed: 16718247535045800898

220 browni3141 the Chopper (level 5, -13/47 HPs)
             Began as a Minotaur Berserker on Feb 10, 2022.
             Was a Believer of Trog.
             Mangled by Maggie (15 damage)
             ... on level 6 of the Dungeon.
             The game lasted 00:02:03 (2453 turns).

browni3141 the Chopper (Minotaur Berserker)         Turns: 2453, Time: 00:02:04

Health: -13/47     AC:  3    Str: 20    XL:     5   Next: 64%
Magic:  4/4        EV: 12    Int:  4    God:    Trog [**....]
Gold:   120        SH:  0    Dex:  9    Spells: 4/4 levels left

rFire   . . .      SeeInvis .   a - +0 hand axe
rCold   . . .      Faith    .   (no shield)
rNeg    . . .      Spirit   .   g - +0 leather armour of Gugekutz {rPois Will+ Str-4}
rPois   +          Reflect  .   (helmet restricted)
rElec   .          Harm     .   (no cloak)
rCorr   .          Rampage  .   (no gloves)
Will    +++..                   (no boots)
Stlth   +.........              (no amulet)
HPRegen 1.15/turn               (no ring)
MPRegen 0.09/turn               (no ring)

@: lethally poisoned (-13 -> -19), strong-willed (expiring), regenerating
(expiring)
A: horns 2, retaliatory headbutt
a: Renounce Religion, Berserk, Trog's Hand


You were on level 6 of the Dungeon.
You worshipped Trog.
Trog was pleased with you.
You visited 1 branch of the dungeon, and saw 6 of its levels.

You collected 120 gold pieces.

Inventory:

Hand Weapons
 a - a +0 hand axe (weapon)
Missiles
 c - 3 curare-tipped darts (quivered)
Armour
 b - a +0 animal skin
 g - the +0 leather armour of Gugekutz (worn) {rPois Will+ Str-4}
   (You took it off a hobgoblin on level 3 of the Dungeon)

   Str:       It affects your strength (-4).
   rPois:     It protects you from poison.
   Will:      It increases your willpower.
Scrolls
 f - 2 scrolls of amnesia {unknown}
 h - a scroll of blinking {unknown}
 i - a scroll of teleportation {unknown}
 k - a scroll of fear {unknown}
 m - a scroll of identify {unknown}
Potions
 d - a potion of cancellation
 e - a potion of ambrosia {unknown}
 j - a potion of brilliance {unknown}
 l - a potion of magic {unknown}
 n - a potion of curing {unknown}
 o - 2 potions of degeneration {unknown}


   Skills:
 + Level 4.9 Fighting
 + Level 4.9 Axes
 + Level 4.1 Armour
 + Level 3.7 Dodging


You had 4 spell levels left.
You didn't know any spells.
Your spell library was empty.

Dungeon Overview and Level Annotations

Branches:
Dungeon (6/15)
 Temple: D:4-7

Altars:

Shops:
D:3 =

Annotations:
D:6 Grinder, Maggie


Innate Abilities, Weirdness & Mutations

You have a pair of horns on your head.
You reflexively headbutt those who attack you in melee.


Message History

You hit the adder.
You kill the adder!
Trog accepts your kill.
You closely miss Grinder. Grinder barely misses you.
Maggie mumbles some strange words.
Maggie draws you further into her thrall.
Unknown command.
You barely miss Maggie.
Maggie is lightly wounded.
You barely miss Grinder.
Grinder blinks!
Maggie closely misses you.
Unknown command.
You hit Maggie but do no damage.
Grinder zaps a wand.
The puff of flame hits you!
Maggie hits you with a +5 broad axe of venom!!
* * * LOW HITPOINT WARNING * * *
You are lethally poisoned!
Unknown command.
Unknown command.
It was a potion of cancellation.
Your magical effects are unravelling.
You feel magically purged.
You break out of your daze.
You feel the effects of Trog's Hand fading.
* * * LOW HITPOINT WARNING * * *
You feel very sick.
Maggie casts a spell.
Maggie attempts to bespell you! You resist.
Unknown command.
You are too injured to fight recklessly!
Throw: 4 darts (curare)
Press: ? - help, Q - select action, (/) - cycle Shift-Dir - straight line, f - Maggie
Aim: Maggie, wielding a +5 broad axe of venom and wearing +0 steam dragon scales (56% to hit)
You throw a curare-tipped dart. The curare-tipped dart hits Maggie.
Maggie is poisoned.
Maggie convulses.
Maggie seems to slow down.
Maggie is lightly wounded.
* * * LOW HITPOINT WARNING * * *
You feel very sick.
Maggie hits you with a +5 broad axe of venom!
You die...

.#....$..
......... ...
......... ....
#........ .....
#...#...# ...#
..#.....##5..#.
......@†...(...
.......@.....#
.............#
..........#..#
.......<.....#
.............#
.........#....#
..#.....####...
######### ###


You could see Maggie (very poisoned, slow) and Grinder.

Vanquished Creatures
  A wyvern skeleton (D:5)
  2 iguanas (D:4)
  An orc wizard (D:4)
  A hound skeleton (D:5)
  3 adders
  A shadow imp (D:5)
  2 worms
  A dart slug (D:3)
  3 orcs (D:4)
  3 ball pythons
  4 endoplasms
  2 goblins
  3 hobgoblins
  4 kobolds
  2 quokkas
  2 bats
  2 frilled lizards
  4 rats
41 creatures vanquished.

Notes
Turn   | Place    | Note
-------+----------+-------------------------------------------
     0 | D:1      | browni3141 the Minotaur Berserker began the quest for the
                  | Orb.
     0 | D:1      | Reached XP level 1. HP: 19/19 MP: 0/0
    59 | D:1      | Reached XP level 2. HP: 21/27 MP: 1/1
   670 | D:3      | Found Egacos's Jewellery Boutique.
   680 | D:3      | Identified the +0 leather armour of Gugekutz {rPois Will+
                  | Str-4}
  1187 | D:3      | Reached XP level 3. HP: 33/33 MP: 2/2
  1230 | D:3      | Reached ** piety under Trog
  1809 | D:4      | Reached XP level 4. HP: 14/41 MP: 3/3
  2093 | D:4      | Reached XP level 5. HP: 47/47 MP: 4/4
  2194 | D:5      | Entered Level 5 of the Dungeon
  2441 | D:6      | Noticed Maggie
  2442 | D:6      | Noticed Grinder
  2453 | D:6      | HP: 2/47 [poisoned by Maggie]
  2453 | D:6      | Mangled by Maggie

Illustrated notes

Levels and vault maps discovered:
D:1:      amcnicky_arrival_feature_with_door, layout_basic,
          minmay_stone_trees_small, nicolae_wormholes
D:2:      layout_basic, serial_shops, shop_fountains,
          ebering_ecumenical_altar_box, kennysheep_cluttered_room
D:3:      layout_basic, serial_shops, shop
D:4:      layout_basic, nicolae_figureground_sparkle
D:5:      layout_basic, zin_treasury, serial_shops, nicolae_shop_hallway_stairs
D:6:      layout_rooms, mainiacjoe_overflow_catwalk_spiral, lemuel_doored_altar,
          minmay_temple_entry_junction, amcnicky_mini_rare_corridor_liquid,
          uniq_maggie, uniq_duvessa, uniq_sigmund, uniq_grinder

Skill      XL: |  1  2  3  4  5 |
---------------+----------------+-----
Fighting       | 4 |  4.9
Axes           | 4 |  4.9
Armour         | 3 4 |  4.1
Dodging        | 3 |  3.7

Action                   |  1- 3 |  4- 6 || total
-------------------------+-------+-------++-------
Melee: Hand axe          |    63 |    27 ||    90
       Headbutt          |     9 |     7 ||    16
Throw: Dart              |       |     1 ||     1
Invok: Berserk           |       |     2 ||     2
       Trog's Hand       |       |     1 ||     1
  Use: Potion            |       |     1 ||     1
Armor: Animal skin       |     8 |       ||     8
       Leather armour    |     7 |     2 ||     9
Dodge: Dodged            |    27 |    20 ||    47
